 Dungeon Crawl Stone Soup version 0.24.1-8-ga250c9d538 (webtiles) character file.

Game seed: 10320311867486245862, levelgen mode: deterministic

431 S2im the Chopper (level 7, -2/61 HPs)
             Began as a Hill Orc Fighter on May 4, 2020.
             Was an Initiate of Okawaru.
             Slain by a bullfrog (5 damage)
             ... on level 4 of the Dungeon.
             The game lasted 00:13:22 (2490 turns).

S2im the Chopper (Hill Orc Fighter)                 Turns: 2490, Time: 00:13:22

Health: -2/61      AC:  8    Str: 21    XL:     7   Next: 0%
Magic:  7/7        EV: 13    Int:  8    God:    Okawaru [......]
Gold:   133        SH:  9    Dex: 15    Spells: 6/6 levels left

rFire    + . .     SeeInvis .   a - +0 war axe
rCold    . . .     Gourm    .   h - +0 shield
rNeg     + . .     Faith    .   b - +0 scale mail
rPois    .         Spirit   .   (no helmet)
rElec    .         Reflect  .   (no cloak)
rCorr    .         Harm     .   e - +0 pair of gloves
MR       .....                  (no boots)
Stlth    +.........             (no amulet)
HPRegen  0.20/turn              d - ring of positive energy
MPRegen  0.10/turn              w - ring of protection from fire

@: agile
A: no striking features
a: Renounce Religion


You were on level 4 of the Dungeon.
You worshipped Okawaru.
Okawaru was noncommittal.
You were not hungry.

You visited 2 branches of the dungeon, and saw 5 of its levels.

You collected 133 gold pieces.

Inventory:

Hand Weapons
 a - a +0 war axe (weapon)
Missiles
 o - 5 datura-tipped darts (quivered)
Armour
 b - a +0 scale mail (worn)
 e - a +0 pair of gloves (worn)
 h - a +0 shield (worn)
Jewellery
 d - a ring of positive energy (left hand)
 w - a ring of protection from fire (right hand)
Scrolls
 m - a scroll of identify
 p - 2 scrolls of amnesia {unknown}
 q - a scroll of fog {unknown}
 s - 3 scrolls of teleportation
 t - a scroll of enchant weapon {unknown}
 y - 2 scrolls of blinking {unknown}
 z - 3 scrolls of remove curse
Potions
 g - 2 potions of cancellation
 i - a potion of resistance {unknown}
 j - a potion of haste {unknown}
 k - 2 potions of curing
 n - a potion of degeneration {unknown}
 r - a potion of brilliance {unknown}
 u - a potion of flight {unknown}
 v - a potion of agility
 x - a potion of mutation {unknown}
Comestibles
 c - a chunk of flesh
 f - 8 rations


   Skills:
 + Level 5.3 Fighting
 + Level 6.7 Axes
 + Level 4.8 Armour
 + Level 1.0 Dodging
 + Level 0.8 Stealth
 - Level 3.2 Shields


You had 6 spell levels left.
You didn't know any spells.
Your spell library was empty.

Dungeon Overview and Level Annotations

Branches:
Dungeon (4/15)             Temple (1/1) D:4

Altars:
Cheibriados
Gozag
Kikubaaqudgha
Okawaru
Qazlal
Ru
Sif Muna
Uskayaw

Shops:
D:4 %

Annotations:
D:4 Edmund


Message History

You block the bullfrog's attack.
The ogre shouts!
You hit the bullfrog but do no damage.
The bullfrog is moderately wounded.
You block the bullfrog's attack. The bullfrog closely misses you.
You closely miss the bullfrog.
The bullfrog is moderately wounded.
The bullfrog hits you.
* * * LOW HITPOINT WARNING * * *
The bullfrog hits you but does no damage.
The worker ant twitches its antennae in your direction.
You slash the bullfrog!
The bullfrog is severely wounded.
The bullfrog hits you.
* * * LOW HITPOINT WARNING * * *
You block the bullfrog's attack.
You hit the bullfrog.
The bullfrog is almost dead.
You block the bullfrog's attack. The bullfrog hits you.
You die...

.....##..[.....#...........
............#..###.#...#.##
######.........# #.#...#<#
#..#....)#..##.#...#.#
#..##.....##..#.#...#.#
#..##..#.#..##.........#
..##..##.##..##.#...####
.....##...##...[#.#.###
.........@FO..a....#...###
......##...##....##.......
...##..##.##..##..........
.... #..#.#..##......##.##
..... #.....##..##..##.#.#
......#.....#.)# #..#%. .F
#.........# ##.##.#.#
####......# #..##.##
#.#.##.# ##...


You could see an ogre, a bullfrog and a worker ant.

Vanquished Creatures
  Sigmund (D:2)
  An ogre (D:4)
  An orc wizard (D:4)
  A worker ant (D:4)
  3 adders
  3 gnolls
  A shadow imp (D:3)
  A dart slug (D:1)
  2 leopard geckos
  7 orcs
  4 bats
  11 giant cockroaches
  6 goblins
  4 hobgoblins
  13 jackals
  A quokka (D:4)
  2 frilled lizards
  A jackal skeleton (D:4)
  9 kobolds
  A leopard gecko skeleton (D:4)
  11 rats
84 creatures vanquished.

Notes
Turn   | Place    | Note
-------+----------+-------------------------------------------
     0 | D:1      | S2im the Hill Orc Fighter began the quest for the Orb.
     0 | D:1      | Reached XP level 1. HP: 19/19 MP: 1/1
   223 | D:1      | Reached XP level 2. HP: 27/27 MP: 2/2
   473 | D:1      | Reached skill level 3 in Axes
   636 | D:1      | Reached XP level 3. HP: 33/33 MP: 3/3
  1000 | D:2      | Noticed Sigmund
  1012 | D:2      | Killed Sigmund
  1012 | D:2      | Reached skill level 5 in Axes
  1012 | D:2      | Reached XP level 4. HP: 26/41 MP: 4/4
  1012 | D:2      | Reached XP level 5. HP: 30/47 MP: 5/5
  1071 | D:2      | Found a sacrificial altar of Ru.
  1339 | D:3      | Reached skill level 5 in Fighting
  1339 | D:3      | Reached XP level 6. HP: 52/56 MP: 6/6
  1861 | D:3      | Found an iron altar of Okawaru.
  1869 | D:3      | Reached skill level 6 in Axes
  1895 | D:3      | Became a worshipper of Warmaster Okawaru
  1981 | D:4      | Found Tolabrium's Food Shop.
  2015 | D:4      | Found a staircase to the Ecumenical Temple.
  2062 | Temple   | Entered the Ecumenical Temple
  2349 | D:4      | Found an ancient bone altar of Kikubaaqudgha.
  2387 | D:4      | Reached skill level 1 in Dodging
  2392 | D:4      | Reached XP level 7. HP: 58/61 MP: 7/7
  2425 | D:4      | Noticed Edmund
  2489 | D:4      | HP: 2/61 [bullfrog (2)]
  2490 | D:4      | Slain by a bullfrog

Levels and vault maps discovered:
D:1:      dpeg_arrival_orchard, layout_loops_corners
D:2:      minmay_roachtagon, layout_rooms, nicolae_ru_the_path_less_chosen,
          first_ration, uniq_sigmund
D:3:      layout_rooms, okawaru_altar_gauntlet_db
D:4:      wander_river, layout_loops_cross, lemuel_crystal_altar,
          marbit_many_paths, minmay_temple_entry_waves, serial_shops,
          nicolae_shop_window_shopping, minmay_ruptured, uniq_edmund
Temple:   cyrus_circular_temple

Skill      XL: |  1  2  3  4  5  6 |
---------------+-------------------+-----
Fighting       | 4 5 |  5.3
Axes           | 3 5 6 |  6.7
Armour         | 4 |  4.8
Dodging        | 1 |  1.0
Stealth        | |  0.8
Shields        | |  3.2

Action                   |  1- 3 |  4- 6 |  7- 9 || total
-------------------------+-------+-------+-------++-------
Melee: War axe           |    94 |   100 |    21 ||   215
  Use: Potion            |     1 |     2 |     2 ||     5
       Scroll            |       |     6 |     1 ||     7
 Stab: Invisible         |       |     4 |     2 ||     6
  Eat: Chunk             |       |     4 |     1 ||     5
Armor: Scale mail        |    58 |    48 |     7 ||   113
Dodge: Dodged            |    26 |    39 |    10 ||    75
Block: Shield            |    49 |    64 |    16 ||   129
